AoeStats
← ricky102603

Arena

509291223Analyzed
1v1 RM · 7d ago on Sep 26, 2026· 43m 16s· 2 players
Game mode
Random Map
Map size
Tiny (2 player)
Population
200
Speed
Normal
Resources
Standard
Victory
Conquest
Starting age
Dark Age
Ending age
Imperial Age
RankedLock teamsTeams togetherTeam positionsShared explorationLock speedFull tech treeHidden civsTurbo modeCheats
Victory
Defeat
🇹🇼 Franks · Taiwan
986
+17
🇹🇼 Franks · Taiwan
1011
-17
ricky102603
9:28 Feudal Age
14:50 Castle Age
14:09 Double-Bit Axe
14:51 Stone Mining
17:49 Loom
29:27 Forging
29:23 Scale Barding Armor
32:16 Iron Casting
32:02 Chain Barding Armor
35:44 Gold Mining
38:59 Imperial Age
36:46 Husbandry
38:29 Devotion
38:44 Bow Saw
40:02 Ballistics
40:43 Chemistry
41:09 Blast Furnace
39:47 Cavalier
41:47 Plate Barding Armor
認真玩世紀
10:44 Feudal Age
10:17 Loom
14:43 Castle Age
13:46 Arson
21:31 Double-Bit Axe
23:17 Forging
25:13 Scale Mail Armor
27:53 Iron Casting
30:00 Fletching
30:26 Chain Mail Armor
32:05 Pikeman
35:36 Wheelbarrow
39:00 Imperial Age
39:33 Hand Cart
40:08 Town Watch
43:02 Blast Furnace
41:25 Halberdier
Connection lost

Rejoining the realm…

Still unreachable

The connection could not be restored.

Session expired

The server has moved on; the page needs a fresh start.